 Dungeon Crawl Stone Soup version 0.20.1-1-g8b1a95d (webtiles) character file.

459 JohnnyMnemonic the Chiller (level 6, -8/39 (45) HPs)
             Began as a Draconian Ice Elementalist on July 10, 2017.
             Was an Initiate of Vehumet.
             Mangled by an ogre
             ... wielding a cursed +0 giant club
              (13 damage)
             ... on level 4 of the Dungeon.
             The game lasted 00:07:52 (6065 turns).

JohnnyMnemonic the Chiller (DrIE)                   Turns: 6065, Time: 00:07:53

HP:   -8/39 (45)    AC:  6    Str: 10    XL:     6   Next: 78%
MP:   6/9           EV: 12    Int: 17    God:    Vehumet [......]
Gold: 174           SH:  0    Dex: 12    Spells: 1/9 levels left

rFire    . . .     SeeInvis .   c - +0 hand axe
rCold    . . .     Gourm    .   (no shield)
rNeg     + . .     Faith    .   (armour unavailable)
rPois    +         Spirit   .   (helmet restricted)
rElec    .         Reflect  .   (no cloak)
rCorr    .         Harm     .   (no gloves)
MR       .....                  (no boots)
Stlth    ++........             (no amulet)
Regen    0.2/turn               f - ring of poison resistance
MPRegen  0.2/turn               j - ring of positive energy

@: no status effects
A: unfitting armour, cold-blooded, AC +6
a: Renounce Religion


You were on level 4 of the Dungeon.
You worshipped Vehumet.
Vehumet was noncommittal.
You were hungry.

You visited 2 branches of the dungeon, and saw 5 of its levels.

You collected 174 gold pieces.

Inventory:

Hand Weapons
 c - a +0 hand axe (weapon)
Jewellery
 f - a ring of poison resistance (left hand)
 j - a ring of positive energy (right hand)
Wands
 p - a wand of iceblast (8/15)
 t - a wand of confusion (22/48)
Scrolls
 e - 2 scrolls of immolation {unknown}
 i - 2 scrolls of blinking
 k - 3 scrolls of teleportation
 l - 2 scrolls of remove curse
 q - 3 scrolls of identify {unknown}
Potions
 d - a potion of lignification {unknown}
 g - 2 potions of curing {unknown}
 h - a potion of mutation {unknown}
 m - a potion of resistance {unknown}
 n - a potion of haste {unknown}
 s - a potion of heal wounds {unknown}
 u - a potion of might
Books
 a - a book of Frost

   Spells                             Type                      Level
   a - Freeze                         Ice                          1
   b - Throw Frost                    Conjuration/Ice              2
   c - Ozocubu's Armour               Charms/Ice                   3
   d - Throw Icicle                   Conjuration/Ice              4
   e - Summon Ice Beast               Ice/Summoning                4
 o - a book of Changes

   Spells                             Type                      Level
   a - Beastly Appendage              Transmutation                1
   b - Sticks to Snakes               Transmutation                2
   c - Spider Form                    Transmutation/Poison         3
   d - Ice Form                       Ice/Transmutation            4
   e - Blade Hands                    Transmutation                5
Comestibles
 b - 2 bread rations


   Skills:
 - Level 1.7 Dodging
 - Level 1.7 Stealth
 - Level 2.0 Spellcasting
   Level 1.0 Conjurations
 + Level 7.8 Ice Magic


You had one spell level left.
You knew the following spells:

 Your Spells              Type           Power        Failure   Level  Hunger
a - Freeze                Ice            ####         1%          1    #......
b - Ozocubu's Armour      Chrm/Ice       ##......     12%         3    ###....
c - Summon Ice Beast      Ice/Summ       ##......     36%         4    #####..


Dungeon Overview and Level Annotations

Branches:
Dungeon (4/15)             Temple (1/1) D:4

Altars:
Ashenzari
Cheibriados
Dithmenos
Elyvilon
Fedhas
Gozag
Hepliaklqana
Kikubaaqudgha
Makhleb
Nemelex Xobeh
Okawaru
Ru
Sif Muna
Trog
Vehumet
Xom
Zin
The Shining One

Shops:
D:4 (


Innate Abilities, Weirdness & Mutations

Your plain brown scales are hard. (AC +6)
You cannot fit into any form of body armour.
You are cold-blooded and may be slowed by cold attacks.


Message History

You freeze the ogre.
The ogre is moderately wounded.
The ogre hits you with a giant club!!
* * * LOW HITPOINT WARNING * * *
Casting: Freeze
Confirm with . or Enter, or press ? or * to list all spells.
Aiming: Freeze
Press: ? - help, Shift-Dir - straight line, f/p - ogre
Aim: an ogre, wielding a giant club (moderately wounded)
You freeze the ogre.
The ogre is moderately wounded.
Casting: Freeze
Confirm with . or Enter, or press ? or * to list all spells.
Aiming: Freeze
Press: ? - help, Shift-Dir - straight line, f/p - ogre
Aim: an ogre, wielding a giant club (moderately wounded)
You freeze the ogre.
The ogre is heavily wounded.
The ogre hits you with a giant club!
You die...

......#....#
......'....#
......#....### # ###
......#......#.##..##
.###..#......#......#
.# ####......'......#
... #......#... ..##
.... #......#'###O..#
..... #..........@.#
#######............#
.#...............$.#
.'.............<...#
.#.................#
##.................#
.....########.....>..
.....# #.........
.....+ #..........


You could see an ogre.

Vanquished Creatures
  A necrophage (D:4)
  4 orc wizards (D:4)
  A worker ant (D:4)
  Robin (D:2)
  8 adders
  An ooze (D:1)
  4 worms
  3 dart slugs (D:1)
  4 leopard geckos
  12 orcs
  A ball python (D:2)
  10 giant cockroaches
  20 goblins
  9 hobgoblins
  7 jackals
  2 quokkas
  10 bats
  3 frilled lizards (D:2)
  13 kobolds
  9 rats
123 creatures vanquished.

Notes
Turn   | Place    | Note
-------+----------+-------------------------------------------
     0 | D:1      | JohnnyMnemonic the Draconian Ice Elementalist began the quest for the Orb.
     0 | D:1      | Reached XP level 1. HP: 14/14 MP: 3/3
   100 | D:1      | Reached XP level 2. HP: 2/20 MP: 0/5
   625 | D:1      | Reached skill level 4 in Ice Magic
   704 | D:1      | Reached XP level 3. HP: 26/26 MP: 6/6
  1811 | D:2      | Learned a level 3 spell: Ozocubu's Armour
  1832 | D:2      | Found a faded altar of an unknown god.
  2033 | D:2      | Noticed Robin
  2035 | D:2      | Reached XP level 4. HP: 33/33 MP: 7/7
  2038 | D:2      | Reached skill level 5 in Ice Magic
  2043 | D:2      | Killed Robin
  2957 | D:3      | Reached XP level 5. HP: 26/38 MP: 6/8
  3684 | D:3      | Found a shattered altar of Ashenzari.
  3746 | D:3      | Reached skill level 6 in Ice Magic
  4683 | D:4      | Found Edaedadue's Weapon Emporium.
  4694 | D:4      | Found a staircase to the Ecumenical Temple.
  4705 | Temple   | Entered the Ecumenical Temple
  4733 | Temple   | Became a worshipper of Vehumet
  5144 | D:4      | Learned a level 4 spell: Summon Ice Beast
  5151 | D:4      | Reached XP level 6. HP: 33/45 MP: 7/9
  5293 | D:4      | Found a shadowy altar of Dithmenos.
  5431 | D:4      | Reached skill level 7 in Ice Magic
  6065 | D:4      | Mangled by an ogre

Skill      XL: |  1  2  3  4  5  6 |
---------------+-------------------+-----
Ice Magic      | 4 5 6 7 |  7.8
Dodging        | |  1.7
Stealth        | |  1.7
Spellcasting   | |  2.0
Conjurations   | |  1.0

Action                   |  1- 3 |  4- 6 || total
-------------------------+-------+-------++-------
Melee: Unarmed           |    36 |       ||    36
       Tailslap          |     8 |    18 ||    26
       Hand axe          |    90 |   175 ||   265
 Cast: Freeze            |    19 |    59 ||    78
  Use: Scroll            |       |     5 ||     5
       Potion            |       |     1 ||     1
 Stab: Sleeping          |     4 |     1 ||     5
       Distracted        |     1 |       ||     1
  Eat: Chunk             |     4 |    13 ||    17
Armor: Skin              |    49 |    86 ||   135
Dodge: Dodged            |   125 |   190 ||   315
